 Dungeon Crawl Stone Soup version 0.30-a0-778-g2ef04afb54 (webtiles) character file.

Game seed: 7753476642987296304

1361 Smoke131 the Thrower (level 8, -5/75 HPs)
             Began as an Ogre Gladiator on Feb 16, 2023.
             Slain by a yak (15 damage)
             ... on level 7 of the Dungeon.
             The game lasted 00:19:07 (6727 turns).

Smoke131 the Thrower (Ogre Gladiator)               Turns: 6727, Time: 00:19:07

Health: -5/75      AC:  4    Str: 19    XL:     8   Next: 64%
Magic:  8/8        EV: 10    Int:  9    God:
Gold:   258        SH:  5    Dex: 12    Spells: 7/7 levels left

rFire   . . .      SeeInvis .    z - +2 hand axe (elec)
rCold   . . .      Faith    .    (no shield)
rNeg    . . .      Spirit   .    b - +0 robe
rPois   .          Reflect  +    c - +1 hat
rElec   .          Harm     .    (no cloak)
rCorr   +          Rampage  .    (gloves unavailable)
Will    .....                    (boots unavailable)
Stlth   +                        v - amulet of reflection
HPRegen 0.32/turn                l - ring of resist corrosion
MPRegen 0.11/turn                (no ring)

@: no status effects
A: large, unfitting armour, tough skin 1
a: no special abilities


You were on level 7 of the Dungeon.
You visited 1 branch of the dungeon, and saw 8 of its levels.

You collected 258 gold pieces.

Inventory:

Hand Weapons
 m - a +3 spear
 n - a +2 flail of protection
 z - a +2 hand axe of electrocution (weapon)
Missiles
 d - 3 throwing nets
 g - 26 stones
 p - 3 curare-tipped darts
 r - 10 poisoned darts (quivered)
 s - a large rock
Armour
 b - a +0 robe (worn)
 c - a +1 hat (worn)
Jewellery
 l - a ring of resist corrosion (left hand)
 v - an amulet of reflection (around neck)
Wands
 e - a wand of digging (3)
 h - a wand of mindburst (7)
 u - a wand of roots (12)
 y - a wand of light (4)
Scrolls
 i - 2 scrolls of identify
 k - 2 scrolls of amnesia
Potions
 a - a potion of magic
 j - 3 potions of lignification
 o - 2 potions of mutation
 q - 7 potions of curing


   Skills:
 - Level 3.0 Fighting
 - Level 3.0 Polearms
 + Level 10.4 Throwing
 - Level 3.0 Dodging


You had 7 spell levels left.
You didn't know any spells.
Your spell library contained the following spells:

 Spells                   Type           Power      Damage    Failure   Level
 Lesser Beckoning         Tloc           0%         N/A       52%         2
 Gell's Gravitas          Tloc           0%         N/A       77%         3
 Ignite Poison            Fire/Tmut/Pois 0%         N/A       77%         3
 Kindle Blastsparks       Fire/Tloc/Air  0%         2d10      77%         3
 Teleport Other           Tloc           0%         N/A       77%         3
 Freezing Cloud           Conj/Ice/Air   0%         6-21      100%        5


Dungeon Overview and Level Annotations

Branches:
Dungeon (8/15)
 Temple: D:4-7         Lair: D:8-11

Altars:
Elyvilon
Gozag

Shops:
D:8 :[

Annotations:
D:4 2 runed translucent doors


Innate Abilities, Weirdness & Mutations

You are too large for most types of armour.
You have tough skin. (AC +1)


Message History

The yak attacks as you move away! The yak closely misses you.
You see here 7 gold pieces.
The yak attacks as you move away! The yak gores you!
The yak attacks as you move away! The yak closely misses you.
Found 2 boomerangs.
The yak attacks as you move away! The yak gores you.
The yak attacks as you move away! The yak closely misses you.
Found 2 stones.
The yak attacks as you move away! The yak gores you.
The yak attacks as you move away! The yak gores you!
You see here 2 stones.
The yak attacks as you move away! The yak barely misses you.
The yak attacks as you move away! The yak gores you.
An orc comes into view. It is wielding a +0 flail.
Found 2 throwing nets.
The yak attacks as you move away! The yak gores you.
Aiming: Fastroot
Press: ? - help, Shift-Dir - straight line
Okay, then.
Aiming: Dig
Press: ? - help, Shift-Dir - straight line You can't see that place. [a rock wall.]
The rock shatters into small pieces.
The yak gores you!
* * * LOW HITPOINT WARNING * * *
Aiming: Fastroot
Press: ? - help, Shift-Dir - straight line The roots erupt in riotous growth!
Roots grab the yak.
The grasping roots constrict the yak.
The orc shouts!
You hear a shout! x3; You hear a croak.
The yak gores you!
* * * LOW HITPOINT WARNING * * *
A gnoll bouda comes into view. It is wielding a +0 whip.
The grasping roots constrict the yak.
The roots release their grip on the yak.
The yak barely misses you. The yak barely misses you.
The yak attacks as you move away! The yak gores you!
You die...

... #g# #(#
#o# #.# #####
#.#
......###.#
####.....@..#
#.........Y.#
#.###########
#.##.# #.##(#
#.##.# #.##.#
#.##.# #.##.#


You could see a yak.

Vanquished Creatures
  A water moccasin (D:4)
  An ice beast (D:5)
  An ogre (D:4)
  A kobold brigand (D:3)
  A bullfrog (D:4)
  3 necrophages
  2 scorpions (D:4)
  A howler monkey (D:4)
  5 hounds
  A gnoll bouda (D:4)
  An iguana (D:5)
  Ijyb (D:5)
  5 orc wizards
  12 adders
  2 gnolls (D:4)
  A white imp (D:5)
  An ufetubus (D:5)
  A worm (D:3)
  3 dart slugs
  The ghost of Zenos the Charlatan, a weakling DsWn (D:3)
  10 orcs
  5 ball pythons
  9 endoplasms
  4 giant cockroaches
  11 hobgoblins
  A jackal (D:2)
  18 kobolds
  5 quokkas
  6 bats
  2 frilled lizards
  8 goblins
  8 rats
132 creatures vanquished.

Notes
Turn   | Place    | Note
-------+----------+-------------------------------------------
     0 | D:1      | Smoke131 the Ogre Gladiator began the quest for the Orb.
     0 | D:1      | Reached XP level 1. HP: 22/22 MP: 1/1
   143 | D:1      | Reached XP level 2. HP: 30/31 MP: 2/2
   658 | D:1      | Found a faded altar of an unknown god.
  1009 | D:2      | Reached skill level 3 in Throwing
  1009 | D:2      | Reached XP level 3. HP: 34/37 MP: 3/3
  1318 | D:2      | Reached skill level 4 in Throwing
  1318 | D:2      | Reached XP level 4. HP: 34/45 MP: 4/4
  1682 | D:3      | Found a runed translucent gate.
  1683 | D:3      | Found a runed translucent gate.
  1684 | D:3      | Found a runed translucent gate.
  1686 | D:3      | Noticed a kobold brigand
  1686 | D:3      | Noticed Zenos's ghost (weakling DsWn)
  1950 | D:3      | Reached XP level 5. HP: 51/53 MP: 5/5
  2254 | D:3      | Reached skill level 5 in Throwing
  2877 | D:4      | Reached XP level 6. HP: 54/61 MP: 6/6
  3070 | D:4      | Reached skill level 6 in Throwing
  3569 | D:4      | Found a large runed translucent door.
  3569 | D:4      | Found a large runed translucent door.
  3573 | D:4      | Found a large runed translucent door.
  3574 | D:4      | Found a large runed translucent door.
  3688 | D:4      | Reached skill level 7 in Throwing
  3688 | D:4      | Reached XP level 7. HP: 48/67 MP: 7/7
  3860 | D:4      | Identified the +0 leather armour "Manut" {rElec rF+ SInv}
  4041 | D:4      | Reached skill level 8 in Throwing
  4529 | D:5      | Entered Level 5 of the Dungeon
  4669 | D:5      | Reached XP level 8. HP: 52/75 MP: 8/8
  4957 | D:5      | Found a white marble altar of Elyvilon.
  4982 | D:5      | Reached skill level 9 in Throwing
  5582 | D:5      | Noticed Ijyb
  5590 | D:5      | Killed Ijyb
  5872 | D:3      | Killed Zenos's ghost
  5882 | D:3      | Reached skill level 10 in Throwing
  6568 | D:6      | You fall into a shaft and drop 2 floors!
  6579 | D:8      | Noticed a yak
  6579 | D:8      | Noticed a yak
  6579 | D:8      | Noticed a yak
  6631 | D:8      | Found an opulent altar of Gozag.
  6658 | D:8      | Found Ynunel's Book Boutique.
  6659 | D:8      | Found Jenywiqy's Armour Shop.
  6727 | D:7      | Slain by a yak

Illustrated notes

Levels and vault maps discovered:
D:1:      dpeg_arrival_simpleton_c, layout_loops_corners,
          hellmonk_ecumenical_altar_inner_sanctum
D:2:      kb_forest_paths, layout_rooms, minmay_tiny_reverse_x
D:3:      layout_loops_corners, gammafunk_ghost_nasty_kobolds
D:4:      minmay_skewed_foursquare, layout_cave_pods,
          minmay_hollow_rounded_squares
D:5:      layout_loops_ring, mainiacjoe_overflow_chevrons, uniq_ijyb
D:6:      layout_cave_pools, minmay_temple_entry_arrows
D:7:      layout_loops_ring, ebering_ghost_rock_garden
D:8:      layout_rooms, old_standard_altar, lightli_temple_of_fire,
          nicolae_wooded_promenade

Skill      XL: |  1  2  3  4  5  6  7  8 |
---------------+-------------------------+-----
Fighting       | 3 |  3.0
Dodging        | 3 |  3.0
Throwing       | 3 4 5 7 8 10 | 10.4
Polearms       | |  3.0

Action                     |  1- 3 |  4- 6 |  7- 9 || total
---------------------------+-------+-------+-------++-------
  Melee: Trident           |    87 |       |       ||    87
         Punch             |     2 |     1 |     1 ||     4
         Spear             |    35 |   155 |    45 ||   235
         Hand axe          |       |       |   132 ||   132
  Throw: Large rock        |     1 |     1 |     5 ||     7
         Dart              |       |    18 |    11 ||    29
         Throwing net      |       |     1 |       ||     1
         Stone             |       |     6 |       ||     6
  Evoke: Wand              |       |       |     7 ||     7
    Use: Scroll            |       |     7 |    10 ||    17
         Potion            |       |       |     5 ||     5
   Stab: Sleeping          |     1 |       |       ||     1
 Armour: Robe              |    38 |    34 |    33 ||   105
  Dodge: Dodged            |    52 |    57 |    93 ||   202
  Block: Other             |       |       |     4 ||     4

Table legend: (Time is in decaauts)
 A = Elapsed time spent in this place.
 B = Non-inter-level travel time spent in this place.
 C = Inter-level travel time spent in this place.
 D = Time resting spent in this place.
 E = Time spent auto-exploring this place.
 F = Levels seen in this place.
 G = Mean time per level.
                   A        B        C        D        E       F      G
               +--------+--------+--------+--------+--------+-----+--------+
         Total |   6734 |   6439 |    295 |   1264 |   3442 |   8 |  841.8 |
       Dungeon |   6734 |   6439 |    295 |   1264 |   3442 |   8 |  841.8 |
               +--------+--------+--------+--------+--------+-----+--------+

Top non-repeatable levels by time:
     D:4: 2122 daAuts
     D:3: 1552 daAuts
     D:5: 1280 daAuts
     D:1: 859 daAuts
     D:2: 760 daAuts
     D:8: 111 daAuts
     D:7: 46 daAuts
